 Dungeon Crawl Stone Soup version 0.23-a0-644-gb60d84b (webtiles) character file.

6680 Lanoc the Slicer (level 11, -11/75 HPs)
             Began as a Halfling Chaos Knight on Jan 1, 2019.
             Was a Plaything of Xom.
             Mangled by a death yak (18 damage)
             ... on level 8 of the Dungeon.
             The game lasted 00:27:11 (8728 turns).

Lanoc the Slicer (Halfling Chaos Knight)            Turns: 8728, Time: 00:27:12

Health: -11/75     AC:  9    Str: 15    XL:     11   Next: 23%
Magic:  11/11      EV: 20    Int: 10    God:    Xom [...*..]
Gold:   591        SH:  0    Dex: 16    Spells: 10/10 levels left

rFire    . . .     SeeInvis .   a - +0 short sword (chaos)
rCold    + . .     Gourm    .   (shield restricted)
rNeg     . . .     Faith    .   b - +2 leather armour
rPois    .         Spirit   .   (no helmet)
rElec    .         Reflect  .   E - +0 cloak
rCorr    .         Harm     .   (no gloves)
MR       .....                  n - +1 pair of boots
Stlth    +.........             (no amulet)
HPRegen  0.62/turn              k - ring of protection from cold
MPRegen  0.12/turn              l - ring of wizardry

@: hasted, very quick
A: small, claws 1, fangs 1, mutation resistance 1, regeneration 1
a: Renounce Religion


You were on level 8 of the Dungeon.
You worshipped Xom.
You were a favourite toy of Xom.
You were not hungry.

You visited 2 branches of the dungeon, and saw 11 of its levels.
You also visited: Bailey.

You collected 591 gold pieces.

Inventory:

Hand Weapons
 a - a +0 short sword of chaos (weapon)
 h - a +0 vampiric dagger
 j - a +1 short sword of electrocution
Missiles
 f - 63 sling bullets
 r - 208 stones (quivered)
Armour
 b - a +2 leather armour (worn)
 d - a +0 leather armour
 n - a +1 pair of boots (worn)
 E - a +0 cloak (worn)
Jewellery
 k - a ring of protection from cold (left claw)
 l - a ring of wizardry (right claw)
Wands
 m - a wand of random effects (41)
 t - a wand of scattershot (6)
 u - a wand of iceblast (10)
 w - a wand of acid (2)
 B - a wand of paralysis (8)
 D - a wand of flame (13)
Scrolls
 e - a scroll of teleportation
 i - a scroll of immolation {unknown}
 q - a scroll of amnesia
 s - a scroll of enchant weapon
 x - 2 scrolls of magic mapping
 y - a scroll of fog
 A - 2 scrolls of fear
 F - a scroll of enchant armour
Potions
 g - 2 potions of haste
 o - 3 potions of curing
 p - a potion of magic
Comestibles
 c - 25 rations
 v - 2 chunks of flesh


   Skills:
 + Level 7.3 Fighting
 * Level 12.6 Short Blades
 + Level 8.4 Armour
 + Level 8.1 Dodging


You had 10 spell levels left.
You didn't know any spells.
Your spell library contained the following spells:

 Spells                   Type           Power        Failure   Level  Hunger
 Confusing Touch          Hex            #.....       17%         1    ##.....
 Confuse                  Hex            #.......     45%         3    ####...
 Gell's Gravitas          Tloc           #.........   45%         3    ####...
 Leda's Liquefaction      Hex/Erth       #.........   85%         4    #####..
 Petrify                  Tmut/Erth      #.......     85%         4    #####..
 Bolt of Magma            Conj/Fire/Erth #.........   99%         5    ######.
 Metabolic Englaciation   Hex/Ice        #.........   99%         5    ######.
 Yara's Violent Unravell  Hex/Tmut       #.........   99%         5    ######.
 Iron Shot                Conj/Erth      #.........   100%        6    #######
 Statue Form              Tmut/Erth      #........    100%        6    #######
 Shatter                  Erth           #.........   100%        9    #######


Dungeon Overview and Level Annotations

Branches:
Dungeon (10/15)            Temple (1/1) D:6            Lair (0/6) D:8
    Orc: D:9-12

Altars:
Ashenzari
Cheibriados
Dithmenos
Elyvilon
Gozag
Hepliaklqana
Kikubaaqudgha
Makhleb
Nemelex Xobeh
Okawaru
Qazlal
Ru
Sif Muna
Trog
Uskayaw
Vehumet
Wu Jian
Xom
Yredelemnul
Zin
The Shining One

Annotations:
D:4 Menkaure


Innate Abilities, Weirdness & Mutations

You are small and have problems with some larger weapons.
You are somewhat resistant to further mutation.
You have sharp fingernails.
You have very sharp teeth.
Your natural rate of healing is unusually fast.


Message History

The gnoll closely misses you.
You hit the death yak but do no damage. You hit the death yak but do no damage.
The death yak goes berserk!
The gnoll completely misses you. The death yak gores you!
You hit the death yak. You drain the death yak!
The death yak is lightly wounded.
You hit the death yak.
The death yak flickers and vanishes!
Deactivating autopickup; reactivate with Ctrl-A.
Something barely misses you.
You barely miss something. The gnoll completely misses you.
Something gores you!!
You hit something but do no damage. Something closely misses you.
There is a stone staircase leading down here.
You feel yourself speed up. Something gores you!!
* * * LOW HITPOINT WARNING * * *
The gnoll closely misses you. Something gores you!!
You die...
Xom bursts into laughter!

#...#####.#
##.#.......#
...#....#..#
...##.#.#..#
.#.##+#.#..########
.#.#....#..........
.#.#....#.#########
.#.#....#.########
................@##
.#..............{.#
.###.############g#
.# #.# #o# .# #.#
#.#
.###.############.#
.....Y......g.r...#
####o##############
...#!.....#


You could see a gnoll and an orc.

Vanquished Creatures
  Erolcha (D:9)
  Harold (D:8)
  Pikel (D:8)
  An orb spider (D:7)
  2 deep elf magi (Bailey)
  Joseph (D:8)
  A yaktaur (D:10)
  A spriggan (D:9)
  An acid dragon (D:8)
  3 ice beasts
  A phantom (D:4)
  A necrophage (D:8)
  An ogre (D:6)
  3 centaurs
  A big kobold (D:7)
  4 bullfrogs
  A scorpion (shapeshifter) (D:10)
  A scorpion (D:5)
  3 killer bees (D:10)
  6 wights
  6 crimson imps
  2 quasits
  4 iron imps (D:5)
  An orc priest (D:10)
  2 orc wizards
  3 hounds
  2 jellies
  2 centaur skeletons
  A gnoll shaman (D:8)
  Jessica (D:3)
  Natasha (thrice) (D:2)
  2 hell rats (D:8)
  2 iguanas
  2 worker ants
  A hound zombie (D:7)
  8 gnolls
  A river rat (D:8)
  5 adders
  2 shadow imps
  2 oozes
  2 adder zombies (D:7)
  An adder skeleton (D:4)
  A worm (D:5)
  2 dart slugs
  6 leopard geckos
  12 orcs
  9 bats
  11 goblins
  5 hobgoblins
  8 jackals
  3 quokkas
  6 frilled lizards
  4 giant cockroaches
  11 kobolds
  A leopard gecko skeleton (D:6)
  13 rats
182 creatures vanquished.

Vanquished Creatures (collateral kills)
  An ogre (D:4)
  A centaur (D:5)
  A big kobold (D:7)
  3 gnolls (D:5)
  A ball python (D:5)
  A quokka (D:5)
8 creatures vanquished.

Vanquished Creatures (others)
  3 slaves (D:8)
3 creatures vanquished.

Grand Total: 193 creatures vanquished

Notes
Turn   | Place    | Note
-------+----------+-------------------------------------------
     0 | D:1      | Lanoc the Halfling Chaos Knight began the quest for the
                  | Orb.
     0 | D:1      | Reached XP level 1. HP: 15/15 MP: 1/1
   107 | D:1      | Reached XP level 2. HP: 12/20 MP: 2/2
   279 | D:1      | XOM: harmless Chrm miscast
   287 | D:1      | Reached skill level 4 in Short Blades
   434 | D:1      | Reached XP level 3. HP: 20/25 MP: 3/3
   612 | D:1      | XOM: polymorph frilled lizard -> leopard gecko
   797 | D:2      | XOM: harmless Air miscast
   832 | D:2      | Found a glowing silver altar of Zin.
   960 | D:2      | XOM: 7-stop teleportation journey
  1088 | D:2      | Noticed Natasha
  1094 | D:2      | XOM: summons 3 friendly demons
  1099 | D:2      | Killed Natasha
  1099 | D:2      | Reached XP level 4. HP: 19/31 MP: 4/4
  1106 | D:2      | XOM: harmless Air miscast
  1168 | D:2      | Noticed Natasha
  1179 | D:2      | XOM: potion effect (curing)
  1195 | D:2      | XOM: enchant monster (good)
  1199 | D:2      | XOM: fog
  1203 | D:2      | Killed Natasha
  1338 | D:2      | Noticed Natasha
  1347 | D:2      | Killed Natasha
  1347 | D:2      | Reached skill level 5 in Short Blades
  1347 | D:2      | Reached XP level 5. HP: 24/36 MP: 5/5
  1546 | D:3      | Noticed Jessica
  1562 | D:3      | Killed Jessica
  1829 | D:3      | XOM: give mutation
  1829 | D:3      | Gained mutation: You are weak. (Str -2) [Xom's mischief]
  1979 | D:3      | XOM: summons 2 hostile shadow creatures
  1994 | D:4      | Found a bloodstained altar of Trog.
  1995 | D:4      | Found an ancient bone altar of Kikubaaqudgha.
  2049 | D:4      | Noticed a phantom
  2077 | D:4      | XOM: 4-stop teleportation journey
  2136 | D:4      | Reached XP level 6. HP: 33/42 MP: 6/6
  2165 | D:4      | Noticed an ogre
  2168 | D:4      | XOM: butterfly on damage
  2172 | D:4      | XOM: summons friendly quasit
  2186 | D:4      | Killed an ogre
  2424 | D:4      | XOM: harmless Erth miscast
  2444 | D:4      | Killed a phantom
  2444 | D:4      | Reached skill level 6 in Short Blades
  2676 | D:4      | Noticed Menkaure
  2677 | D:4      | XOM: summons 3 hostile demons
  2681 | D:4      | XOM: swap monsters
  2774 | D:5      | Entered Level 5 of the Dungeon
  2906 | D:5      | Reached XP level 7. HP: 42/47 MP: 7/7
  3018 | D:5      | XOM: enchant monster (bad)
  3138 | D:5      | Found a shadowy altar of Dithmenos.
  3187 | D:5      | Found a burning altar of Makhleb.
  3232 | D:5      | Reached skill level 7 in Short Blades
  3295 | D:5      | XOM: summons 7 friendly demons
  3425 | D:6      | XOM: noise
  3441 | D:6      | Found a staircase to the Ecumenical Temple.
  3461 | D:6      | Reached XP level 8. HP: 42/54 MP: 8/8
  3470 | Temple   | Entered the Ecumenical Temple
  3604 | D:6      | XOM: 4-stop teleportation journey
  3812 | D:6      | XOM: swap monsters
  3851 | D:6      | XOM: summons 4 hostile demons
  3852 | D:6      | Noticed a sun demon
  3887 | D:6      | XOM: chaos upgrade
  4059 | D:6      | Reached skill level 8 in Short Blades
  4059 | D:6      | Reached skill level 5 in Armour
  4575 | D:7      | XOM: silly message
  4592 | D:7      | XOM: summons 2 friendly demons
  4594 | D:7      | XOM: noise
  4601 | D:7      | XOM: confuse monster(s)
  4618 | D:7      | Reached skill level 5 in Dodging
  4686 | D:7      | XOM: medium Tmut miscast
  4705 | D:7      | Found a flagged portal.
  4711 | Bailey   | Entered a bailey
  4718 | Bailey   | Noticed a deep elf mage
  4719 | Bailey   | XOM: confusion
  4722 | Bailey   | XOM: cleaving
  4738 | Bailey   | Killed a deep elf mage
  4738 | Bailey   | Reached skill level 5 in Fighting
  4738 | Bailey   | Reached skill level 9 in Short Blades
  4738 | Bailey   | Reached XP level 9. HP: 30/61 MP: 9/9
  4766 | Bailey   | XOM: silly message
  4898 | Bailey   | Noticed a deep elf mage
  4899 | Bailey   | Noticed a deep elf mage
  4899 | Bailey   | Noticed a deep elf mage
  4899 | Bailey   | Noticed a deep elf mage
  4899 | Bailey   | Noticed a deep elf mage
  4899 | Bailey   | Noticed a deep elf mage
  4900 | Bailey   | XOM: summons 4 hostile demons
  4901 | Bailey   | Noticed a red devil
  4908 | Bailey   | Killed a deep elf mage
  4914 | Bailey   | XOM: summons friendly ufetubus
  5092 | D:7      | XOM: give mutations
  5092 | D:7      | Gained mutation: You are partially covered in thin metallic
                  | scales. (AC +2) [Xom's mischief]
  5092 | D:7      | Gained mutation: Your body sometimes deteriorates upon
                  | taking damage. [Xom's mischief]
  5092 | D:7      | Gained mutation: You are very weak. (Str -4) [Xom's
                  | mischief]
  5185 | D:7      | Noticed Prince Ribbit
  5187 | D:7      | XOM: chaos upgrade
  5218 | D:7      | Noticed Prince Ribbit
  5218 | D:7      | Prince Ribbit changed into Prince Ribbit the orb spider
  5218 | D:7      | XOM: polymorph Prince Ribbit -> Prince Ribbit the orb
                  | spider
  5242 | D:7      | XOM: destruction
  5274 | D:6      | XOM: noise
  5548 | D:7      | XOM: butterfly on damage
  5553 | D:7      | XOM: polymorph butterfly -> river rat
  5557 | D:7      | XOM: smoke on damage
  5558 | D:7      | XOM: scenery: create altars
  5572 | D:7      | Killed Prince Ribbit the orb spider
  5572 | D:7      | Reached skill level 10 in Short Blades
  5591 | D:7      | XOM: medium Summ miscast
  6206 | D:7      | Reached XP level 10. HP: 65/68 MP: 10/10
  6365 | D:7      | XOM: give mutations
  6365 | D:7      | Gained mutation: You are frail. (-10% HP) [Xom's mischief]
  6365 | D:7      | Gained mutation: You are clumsy. (Dex -2) [Xom's mischief]
  6618 | D:8      | Found an opulent altar of Gozag.
  6657 | D:8      | Noticed Harold
  6693 | D:8      | Killed Harold
  6693 | D:8      | Reached skill level 11 in Short Blades
  6704 | D:8      | XOM: give mutations
  6704 | D:8      | Gained mutation: Armour fits poorly on your strangely
                  | shaped body. [Xom's mischief]
  6704 | D:8      | Lost mutation: You are very weak. (Str -4) [Xom's mischief]
  6705 | D:8      | Lost mutation: You are weak. (Str -2) [potion of mutation]
  6705 | D:8      | Lost mutation: You are frail. (-10% HP) [potion of
                  | mutation]
  6705 | D:8      | Lost mutation: Your body sometimes deteriorates upon taking
                  | damage. [potion of mutation]
  6705 | D:8      | Gained mutation: You are very clumsy. (Dex -4) [potion of
                  | mutation]
  6705 | D:8      | Gained mutation: You expend magic power (3 MP) to
                  | strengthen your wands. [potion of mutation]
  6706 | D:8      | Lost mutation: Armour fits poorly on your strangely shaped
                  | body. [potion of mutation]
  6706 | D:8      | Lost mutation: You are very clumsy. (Dex -4) [potion of
                  | mutation]
  6706 | D:8      | Lost mutation: You are clumsy. (Dex -2) [potion of
                  | mutation]
  6706 | D:8      | Lost mutation: You are partially covered in thin metallic
                  | scales. (AC +2) [potion of mutation]
  6706 | D:8      | Gained mutation: You are frail. (-10% HP) [potion of
                  | mutation]
  6707 | D:8      | Lost mutation: You are frail. (-10% HP) [potion of
                  | mutation]
  6707 | D:8      | Lost mutation: You expend magic power (3 MP) to strengthen
                  | your wands. [potion of mutation]
  6707 | D:8      | Gained mutation: Your body sometimes deteriorates upon
                  | taking damage. [potion of mutation]
  6708 | D:8      | Lost mutation: Your body sometimes deteriorates upon taking
                  | damage. [potion of mutation]
  6708 | D:8      | Gained mutation: You have very sharp teeth. [potion of
                  | mutation]
  6712 | D:8      | XOM: mild Chrm miscast
  6778 | D:8      | XOM: confusion (+ monsters)
  6903 | D:8      | Noticed Pikel
  6913 | D:8      | XOM: polymorph slave -> acid dragon
  6930 | D:8      | XOM: harmless Air miscast
  6942 | D:8      | Killed Pikel
  7217 | D:8      | Noticed Joseph
  7230 | D:8      | XOM: polymorph rat -> adder
  7234 | D:8      | Found a staircase to the Lair.
  7234 | D:8      | XOM: 2-stop teleportation journey
  7234 | D:8      | Noticed a death yak
  7235 | D:8      | XOM: potion effect (agility)
  7246 | D:8      | Killed Joseph
  7414 | D:9      | XOM: draining
  7588 | D:9      | XOM: harmless Chrm miscast
  7756 | D:9      | Noticed Erolcha
  7765 | D:9      | XOM: confusion
  7777 | D:9      | XOM: summons friendly quasit
  7781 | D:9      | Killed Erolcha
  7781 | D:9      | Reached skill level 12 in Short Blades
  7781 | D:9      | Reached XP level 11. HP: 52/75 MP: 11/11
  7994 | D:9      | XOM: god gift: 25 gold pieces
  8101 | D:10     | Entered Level 10 of the Dungeon
  8186 | D:10     | XOM: god gift: 21 arrows
  8265 | D:10     | XOM: give mutations
  8265 | D:10     | Gained mutation: Your natural rate of healing is unusually
                  | fast. [Xom's grace]
  8265 | D:10     | Gained mutation: You have sharp fingernails. [Xom's grace]
  8498 | D:10     | XOM: potion effect (agility)
  8507 | D:10     | XOM: god gift: leather armour {god gift}
  8511 | D:10     | XOM: summons friendly shadow imp
  8728 | D:8      | Mangled by a death yak

Vault maps used:
D:1:      mrwooster_arrival_arrow, minmay_bisected
D:2:      lemuel_doored_altar, uniq_natasha
D:3:      uniq_jessica
D:4:      grunt_temple_overflow_open, first_ration, uniq_menkaure
D:5:      marbit_many_paths, demons_altar
D:6:      minmay_temple_entry_junction
D:7:      enter_bailey_3, uniq_prince_ribbit1
D:8:      lemuel_round_altar, lemuel_round_altar, dpeg_lair_monsters,
          uniq_pikel, uniq_harold, uniq_joseph
D:9:      the_bakery, uniq_erolcha
D:10:     basic_altar, chequers_serial_rivers_marsh
Temple:   regret_index_temple_waves
Bailey:   bailey_polearm_3, bailey

Skill      XL: |  1  2  3  4  5  6  7  8  9 10 11 |
---------------+----------------------------------+-----
Short Blades   | 4 5 6 7 9 10 12 | 12.6
Fighting       | 3 4 5 7 |  7.3
Dodging        | 2 3 4 5 6 7 8 |  8.1
Armour         | 3 4 5 6 8 |  8.4

Action                   |  1- 3 |  4- 6 |  7- 9 | 10-12 || total
-------------------------+-------+-------+-------+-------++-------
Melee: Short sword       |   107 |   146 |   362 |   371 ||   986
       Bite              |       |       |       |    32 ||    32
  Use: Scroll            |       |    10 |     4 |     3 ||    17
       Potion            |       |     2 |     1 |    14 ||    17
 Stab: Sleeping          |     2 |       |       |       ||     2
       Paralysed         |       |     2 |     1 |     5 ||     8
       Confused          |       |     1 |     3 |     1 ||     5
       Petrified         |       |     1 |       |     4 ||     5
       Invisible         |       |       |       |     2 ||     2
       Distracted        |       |       |       |     1 ||     1
       Petrifying        |       |       |       |     1 ||     1
  Eat: Chunk             |     1 |     4 |    11 |     6 ||    22
       Ration            |       |       |       |     1 ||     1
Armor: Leather armour    |    24 |    28 |       |    18 ||    70
       Scale mail        |       |       |   125 |    43 ||   168
Dodge: Dodged            |    77 |    90 |   181 |   208 ||   556

Table legend:
 A = Non-vault XP
 B = Vault XP
 C = Vault XP percentage of total XP
 D = Non-vault monster count
 E = Vault monster count
 F = Vault count percentage of total count
                 A         B        C        D         E       F
            +---------+---------+-------+---------+---------+-------
      Total |    4160 |    5383 |  56.4 |     165 |      24 |  12.7
            +---------+---------+-------+---------+---------+-------
        D:1 |      38 |       2 |   5.0 |      23 |       2 |   8.0
        D:2 |      99 |      29 |  22.7 |      14 |       1 |   6.7
        D:3 |      45 |      37 |  45.1 |      17 |       1 |   5.6
        D:4 |     245 |       0 |   0.0 |       8 |       0 |   0.0
        D:5 |     340 |     170 |  33.3 |      16 |       4 |  20.0
        D:6 |     664 |       0 |   0.0 |      12 |       0 |   0.0
        D:7 |     758 |     553 |  42.2 |      32 |       5 |  13.5
        D:8 |     684 |    2217 |  76.4 |      17 |       7 |  29.2
        D:9 |     173 |    1247 |  87.8 |       8 |       2 |  20.0
       D:10 |    1114 |       0 |   0.0 |      18 |       0 |   0.0
     Bailey |       0 |    1128 | 100.0 |       0 |       2 | 100.0
            +---------+---------+-------+---------+---------+-------
